[Event "Titled Tuesday Blitz May 24 Early 2022"]
[White "Seo, Jung Min"]
[Black "Nakamura, Hikaru"]
[WhiteFideId "1734687"]
[BlackFideId "2016192"]
[WhiteElo "2401"]
[BlackElo "2850"]
[Result "0-1"]
[Round "03"]
[TimeControl "180+1"]
[Date "2022.05.24"]
[WhiteClock "0:00:33"]
[BlackClock "0:00:36"]

1. d4 g6 2. e4 Bg7 3. Nf3 a6 4. Bd3 d6 5. c3 Nd7 6. h3 e5 7. dxe5 dxe5 8. O-O Ngf6 9. Nbd2 O-O 10. Qe2 b5 11. a4 bxa4 12. Bc2 a5 13. Bxa4 Qe7 14. Bb5 Nb6 15. Nc4 Nxc4 16. Bxc4 Bb7 17. Bd3 Rfd8 18. Re1 h6 19. Nd2 Nd7 20. Nc4 Nc5 21. Bc2 Ba6 22. Be3 Bf8 23. b3 Qe6 24. Red1 Rxd1+ 25. Rxd1 a4 26. Bxc5 Bxc5 27. Rd5 a3 28. Bb1 Bxc4 29. Qxc4 Bb6 30. Ba2 c6 31. Rd2 Qxc4 32. bxc4 Bc5 33. Kf1 Rb8 34. Ke2 h5 35. h4 Kf8 36. g3 Ke7 37. Kd1 f5 38. exf5 gxf5 39. Ke2 e4 40. Ke1 Ke6 41. Ke2 Ke5 42. Ke1 f4 43. gxf4+ Kxf4 44. Ke2 Bxf2 45. c5 Bxh4 46. Bf7 Rb2 47. Bxh5 Rxd2+ 48. Kxd2 a2 49. Bf7 a1=Q 50. c4 Be1+ 51. Ke2 Bc3 52. Be6 Qe1# 0-1


[Site "https://www.chess.com"]

[Event "Titled Tuesday Blitz May 24 Early 2022"]
[White "Shevtchenko, Olesya"]
[Black "Khamdamova, Afruza"]
[WhiteFideId "24131890"]
[BlackFideId "14210444"]
[WhiteElo "2003"]
[BlackElo "1660"]
[Result "1-0"]
[Round "03"]
[TimeControl "180+1"]
[Date "2022.05.25"]
[WhiteClock "0:01:20"]
[BlackClock "0:00:20"]

1. c4 Nf6 2. Nc3 g6 3. e4 d6 4. d4 Bg7 5. Nf3 O-O 6. h3 c5 7. d5 Nbd7 8. Bd3 b6 9. O-O Ba6 10. Re1 Ne8 11. Bf4 Ne5 12. Nxe5 dxe5 13. Be3 Nd6 14. b3 f5 15. f3 f4 16. Bf2 Qd7 17. Qe2 Bb7 18. a3 a5 19. Rab1 Rac8 20. b4 cxb4 21. axb4 axb4 22. Rxb4 Ba6 23. Bxb6 Rb8 24. c5 Bxd3 25. Qxd3 Nc8 26. Ba5 Rxb4 27. Bxb4 Na7 28. Qc4 Rb8 29. c6 Qc7 30. d6+ 1-0


[Site "https://www.chess.com"]

[Event "Titled Tuesday Blitz May 24 Early 2022"]
[White "Shton, Roman"]
[Black "Perera Alfonso, Rene Humberto"]
[WhiteFideId "14137461"]
[BlackFideId "3514722"]
[WhiteElo "2013"]
[BlackElo "2313"]
[Result "0-1"]
[Round "03"]
[TimeControl "180+1"]
[Date "2022.05.25"]
[WhiteClock "0:00:21"]
[BlackClock "0:02:08"]

1. d4 d5 2. Nf3 Nf6 3. g3 Bg4 4. Bg2 e6 5. c4 c6 6. Nc3 Be7 7. Qb3 Qb6 8. c5 Qa6 9. Bf1 b5 10. Ne5 Bh5 11. e4 O-O 12. Bd3 Nbd7 13. Nxd7 Nxd7 14. exd5 exd5 15. O-O Qc8 16. Bf4 Bf3 17. Rfe1 Bf6 18. Be3 Re8 19. Ne2 Nf8 20. Qc3 Ng6 21. Nf4 Nxf4 22. Bxf4 Qg4 23. Bf1 g5 24. h3 Qf5 25. Qxf3 gxf4 26. Qxf4 Qxf4 27. gxf4 Bxd4 28. Rxe8+ Rxe8 29. Rd1 Bxb2 30. Rc1 Bxc1 0-1


[Site "https://www.chess.com"]

[Event "Titled Tuesday Blitz May 24 Early 2022"]
[White "Shtyka, Sergey"]
[Black "Galiana Fernandez, Adrian"]
[WhiteFideId "4138465"]
[BlackFideId "32010150"]
[WhiteElo "2014"]
[BlackElo "2133"]
[Result "1-0"]
[Round "03"]
[TimeControl "180+1"]
[Date "2022.05.25"]
[WhiteClock "0:02:18"]
[BlackClock "0:02:13"]

1. e4 e5 2. Nf3 Nc6 3. Nc3 Nf6 4. Bb5 Nd4 5. Ba4 c6 6. d3 d6 7. Nxd4 exd4 8. Ne2 b5 9. Bb3 c5 10. a4 b4 11. Bg5 Be7 12. Ng3 O-O 13. Qd2 Nxe4 14. Nxe4 d5 15. Bxe7 1-0


[Site "https://www.chess.com"]

[Event "Titled Tuesday Blitz May 24 Early 2022"]
[White "Shuvalova, Polina"]
[Black "Chojnacki, Slawomir"]
[WhiteFideId "24171760"]
[BlackFideId "1117076"]
[WhiteElo "2355"]
[BlackElo "2084"]
[Result "1-0"]
[Round "03"]
[TimeControl "180+1"]
[Date "2022.05.25"]
[WhiteClock "0:00:08"]
[BlackClock "0:00:29"]

1. e4 c6 2. d4 d5 3. f3 e6 4. Nc3 Nf6 5. e5 Ng8 6. f4 h5 7. Nf3 Nh6 8. Ne2 c5 9. c3 Nc6 10. Be3 Qb6 11. Qd2 Nf5 12. dxc5 Bxc5 13. Bxc5 Qxc5 14. Ned4 Nfxd4 15. Nxd4 Bd7 16. Be2 Rc8 17. Nb3 Qb6 18. Bf3 Na5 19. Nxa5 Qxa5 20. O-O Qc5+ 21. Kh1 g6 22. Rad1 Bc6 23. Qd4 b6 24. Kg1 Rc7 25. Rd2 Ke7 26. Re1 Rhc8 27. Kh1 Qxd4 28. Rxd4 Bb5 29. Kg1 a5 30. Kf2 Ba6 31. h3 Rh8 32. Kg3 Bc4 33. a3 a4 34. Bd1 b5 35. Kh4 Rcc8 36. Kg5 Rcf8 37. Rd2 f6+ 38. exf6+ Rxf6 39. Bc2 Rhf8 40. Rd4 Kf7 41. g4 hxg4 42. hxg4 Kg7 43. Rh1 Be2 44. Rh6 Bxg4 45. Rxg6+ Rxg6+ 46. Bxg6 Bf5 47. Bh5 Rg8 48. Rd2 Kf8+ 49. Kf6 Rh8 50. Bd1 Rh6+ 51. Ke5 Ke7 52. Rd4 Rh1 53. Rd2 Re1+ 54. Kd4 Kd6 55. Bf3 Rf1 56. Ke3 Rb1 57. Rh2 Kc5 58. Bh5 Re1+ 59. Kd2 Re4 60. Rf2 d4 61. cxd4+ Rxd4+ 62. Kc1 Rc4+ 63. Kd1 Kd4 64. Be2 Rc5 65. Rf3 Be4 66. Rh3 Rd5 67. Kd2 Kc5+ 68. Kc3 Bf5 69. Rh8 Kb6 70. Rb8+ Kc7 71. Rxb5 Rc5+ 72. Rxc5+ Kd6 73. Rc4 Kd5 74. Rd4+ Kc5 75. Rxa4 e5 76. Ra5+ Kb6 77. Rxe5 Bb1 78. b3 Kc6 79. Bd3 Kd6 80. Bxb1 Kd7 81. f5 Kd6 82. Re1 1-0


[Site "https://www.chess.com"]

[Event "Titled Tuesday Blitz May 24 Early 2022"]
[White "Silvestre, Christian"]
[Black "Tomaszewski, Kacper"]
[WhiteFideId "30956269"]
[BlackFideId "1127373"]
[WhiteElo "2263"]
[BlackElo "2153"]
[Result "0-1"]
[Round "03"]
[TimeControl "180+1"]
[Date "2022.05.25"]
[WhiteClock "0:00:02"]
[BlackClock "0:00:11"]

1. d4 d5 2. Nf3 Nf6 3. Bf4 c5 4. c3 Nc6 5. e3 cxd4 6. exd4 Bf5 7. Bb5 Qc8 8. Ne5 a6 9. Bxc6+ bxc6 10. Qa4 Bd7 11. Nxd7 Nxd7 12. O-O e6 13. Nd2 Be7 14. Nf3 O-O 15. Qc2 c5 16. dxc5 Nxc5 17. Rfe1 Ne4 18. Rad1 Qb7 19. c4 Rac8 20. b3 Bb4 21. Re3 Bc5 22. Re2 Nf6 23. Ng5 h6 24. Nf3 Rfd8 25. Be5 Ng4 26. h3 Nxe5 27. Nxe5 dxc4 28. Nxc4 Rxd1+ 29. Qxd1 Bb4 30. Re3 Qe7 31. Rd3 Bc5 32. Qf3 Qf6 33. Qxf6 gxf6 34. Kf1 Kg7 35. Rd7 Kg6 36. Ke2 e5 37. Rb7 Bd4 38. f3 Rc6 39. g3 f5 40. Rd7 Re6 41. Rd6 Rxd6 42. Nxd6 e4 43. fxe4 fxe4 44. Nxe4 Be5 45. Kf3 f5 46. Nc5 a5 47. Nb7 Bc7 48. Nc5 Kf6 49. Nd3 Ke6 50. Nf4+ Ke5 51. Ng6+ Kd4 52. Nf4 Kc3 53. Nd5+ Kb2 54. Nxc7 Kxa2 55. Nd5 Kxb3 56. Nb6 Kb4 0-1


[Site "https://www.chess.com"]

[Event "Titled Tuesday Blitz May 24 Early 2022"]
[White "Sirosh, Ilja"]
[Black "De Souza, Cristiano Gomes"]
[WhiteFideId "4500458"]
[BlackFideId "2151758"]
[WhiteElo "2241"]
[BlackElo "2068"]
[Result "1-0"]
[Round "03"]
[TimeControl "180+1"]
[Date "2022.05.25"]
[WhiteClock "0:01:08"]
[BlackClock "0:00:43"]

1. Nf3 Nf6 2. c4 g6 3. Nc3 Bg7 4. g3 d6 5. Bg2 O-O 6. O-O c5 7. d4 Nc6 8. d5 Ne5 9. Nxe5 dxe5 10. e4 Ne8 11. Be3 b6 12. a3 Nd6 13. Qe2 a5 14. f4 Ba6 15. Nb5 Bxb5 16. cxb5 f5 17. fxe5 Bxe5 18. Bh6 Bg7 19. Bxg7 Kxg7 20. e5 Nf7 21. Rad1 Ra7 22. h4 h5 23. Qe3 Qb8 24. Rfe1 Nh6 25. e6 Qd6 26. Qc3+ Rf6 27. Qe5 Qxe5 28. Rxe5 Ng4 29. Re2 Rf8 30. d6 exd6 31. Rxd6 Re7 32. Rxb6 Kf6 33. Rc6 Rfe8 34. b6 Ne5 35. Rxc5 Rxe6 36. b7 Rb8 37. Rc8 Re8 38. Rec2 Nd7 39. Rxe8 Rxe8 40. Bc6 Rb8 41. Bxd7 Rxb7 42. Bc6 Rc7 43. b4 axb4 44. axb4 Ke5 45. b5 Kd6 46. Rd2+ Kc5 47. Rd7 Rxd7 48. Bxd7 1-0


[Site "https://www.chess.com"]

[Event "Titled Tuesday Blitz May 24 Early 2022"]
[White "Sjugirov, Sanan"]
[Black "Volkov, Maksim"]
[WhiteFideId "4189302"]
[BlackFideId "54123070"]
[WhiteElo "2602"]
[BlackElo "2155"]
[Result "1-0"]
[Round "03"]
[TimeControl "180+1"]
[Date "2022.05.24"]
[WhiteClock "0:00:44"]
[BlackClock "0:00:25"]

1. e4 e6 2. d4 d5 3. e5 c5 4. c3 Qb6 5. Nf3 Bd7 6. g3 Nc6 7. Bg2 Qa6 8. Bf1 Qb6 9. Be2 Nh6 10. Bxh6 gxh6 11. b3 Rc8 12. O-O Bg7 13. Na3 a6 14. Nc2 O-O 15. Ne3 f6 16. exf6 Bxf6 17. Ng4 Bg7 18. Nge5 Be8 19. Nxc6 Qxc6 20. Ne5 Qb6 21. Bg4 Rc7 22. Qd2 Kh8 23. Rae1 Re7 24. Kg2 Qa5 25. b4 cxb4 26. cxb4 Qb6 27. h4 Rg8 28. Bh3 Bf8 29. Re3 Reg7 30. a3 Be7 31. Nf3 Bd7 32. Rfe1 Bf6 33. Bxe6 Bxe6 34. Rxe6 Qd8 35. Qxh6 Rg6 36. Qf4 Rf8 37. h5 Rgg8 38. Rd6 Qc7 39. Rc1 Qb8 40. Rxf6 Qxf4 41. Rxf4 Rxf4 42. Rc7 Rfg4 43. Rxb7 R4g7 44. Rb6 Ra8 45. h6 Rg6 46. Rxg6 hxg6 47. Ng5 Rc8 48. Ne6 Kh7 49. Nc5 Rc6 50. Kf3 Kxh6 51. Kf4 Rf6+ 52. Ke3 Rxf2 53. Kxf2 1-0


[Site "https://www.chess.com"]

[Event "Titled Tuesday Blitz May 24 Early 2022"]
[White "Skliarov, Viktor"]
[Black "Derraugh, Geordie"]
[WhiteFideId "14106736"]
[BlackFideId "2603950"]
[WhiteElo "2229"]
[BlackElo "2116"]
[Result "0-1"]
[Round "03"]
[TimeControl "180+1"]
[Date "2022.05.25"]
[WhiteClock "0:00:04"]
[BlackClock "0:00:05"]

1. e4 c5 2. Nf3 d6 3. d4 cxd4 4. Qxd4 Nf6 5. Nc3 Nc6 6. Bb5 Bd7 7. Bxc6 bxc6 8. e5 c5 9. Qf4 Nh5 10. Qh4 g6 11. g4 Ng7 12. exd6 exd6 13. Bg5 Be7 14. Nd5 Bxg5 15. Qxg5 Qxg5 16. Nxg5 Bc6 17. O-O-O h6 18. Rhe1+ Kf8 19. Ne4 Rd8 20. Ndf6 Bxe4 21. Nxe4 h5 22. g5 Nf5 23. Nxc5 Kg7 24. Ne4 Rhe8 25. Nf6 Re6 26. f4 Nh4 27. Rxe6 fxe6 28. Rd3 Kf7 29. Ra3 Ra8 30. Rb3 e5 31. fxe5 dxe5 32. Rb7+ Ke6 33. c4 Kf5 34. c5 Rc8 35. b4 Kxg5 36. Ne4+ Kf4 37. Nd6 Rf8 38. c6 Nf5 39. Nxf5 gxf5 40. c7 Rc8 41. Rxa7 e4 42. b5 e3 43. Kd1 Kf3 44. Ke1 Rg8 45. Kd1 e2+ 46. Kd2 Re8 47. Ke1 Rg8 48. Kd2 Rg1 49. c8=Q e1=Q+ 50. Kd3 Qd1+ 51. Kc4 Qc1+ 52. Kb4 Qxc8 0-1


[Site "https://www.chess.com"]

[Event "Titled Tuesday Blitz May 24 Early 2022"]
[White "Soumya, Swaminathan"]
[Black "Keller, Peter"]
[WhiteFideId "5016193"]
[BlackFideId "1272105"]
[WhiteElo "2115"]
[BlackElo "2275"]
[Result "0-1"]
[Round "03"]
[TimeControl "180+1"]
[Date "2022.05.25"]
[WhiteClock "0:00:01"]
[BlackClock "0:00:13"]

1. d4 Nf6 2. c4 e6 3. Nf3 d5 4. g3 Bb4+ 5. Bd2 a5 6. Bg2 O-O 7. O-O dxc4 8. Qc2 b5 9. a4 c6 10. Ne5 Ra6 11. Rd1 Nd5 12. e4 Nb6 13. axb5 cxb5 14. Na3 Bd7 15. Nxd7 Qxd7 16. Bf1 Rc8 17. Be3 Qc6 18. f3 Bxa3 19. Rxa3 b4 20. Raa1 Ra8 21. Qf2 N8d7 22. Bg2 c3 23. bxc3 bxc3 24. Rac1 Na4 25. f4 Rab8 26. d5 exd5 27. exd5 Qc4 28. Rd4 Qb3 29. Be4 Nf6 30. Bd3 Qb2 0-1


[Site "https://www.chess.com"]

[Event "Titled Tuesday Blitz May 24 Early 2022"]
[White "Sovetbekova, Nurai"]
[Black "Bintang, Rasyid A. Hidayat"]
[WhiteFideId "13801910"]
[BlackFideId "7105355"]
[WhiteElo "1660"]
[BlackElo "2442"]
[Result "1-0"]
[Round "03"]
[TimeControl "180+1"]
[Date "2022.05.25"]
[WhiteClock "0:01:03"]
[BlackClock "0:02:29"]

1. d4 d5 2. c4 Nc6 3. Nf3 Bg4 4. cxd5 Bxf3 5. dxc6 Bxc6 6. Nc3 e6 7. e3 Nf6 8. Bb5 Qd7 9. Bxc6 Qxc6 10. O-O Bb4 11. Bd2 Bxc3 12. Bxc3 O-O 13. Rc1 Qa6 14. Qb3 Nd5 15. Bd2 c6 16. Rfd1 Rfd8 17. e4 Nf6 18. Bg5 Qe2 19. Bxf6 gxf6 20. Qg3+ Kf8 21. Qh4 Qxb2 22. Qxf6 Qxa2 23. d5 cxd5 24. Rc7 1-0


[Site "https://www.chess.com"]

[Event "Titled Tuesday Blitz May 24 Early 2022"]
[White "Srihari L R"]
[Black "Demchenko, Anton"]
[WhiteFideId "46617116"]
[BlackFideId "4160258"]
[WhiteElo "2121"]
[BlackElo "2539"]
[Result "1/2-1/2"]
[Round "03"]
[TimeControl "180+1"]
[Date "2022.05.24"]
[WhiteClock "0:00:11"]
[BlackClock "0:00:18"]

1. d4 Nf6 2. c4 g6 3. Nc3 Bg7 4. e4 d6 5. h3 O-O 6. Be3 Nbd7 7. g4 c5 8. Nf3 cxd4 9. Nxd4 Ne5 10. Be2 Bd7 11. g5 Ne8 12. h4 Rc8 13. b3 a6 14. Rc1 Nc7 15. h5 Nc6 16. Nd5 Nxd5 17. exd5 Nxd4 18. Bxd4 Qa5+ 19. Kf1 Bf5 20. Bxg7 Kxg7 21. Qd4+ f6 22. Bd3 Qd2 23. Rc3 Kg8 24. hxg6 Bxg6 25. Rh4 fxg5 26. Bxg6 Qxd4 27. Bxh7+ Kg7 28. Rxd4 Kxh7 29. Rg3 Kg6 30. Re4 Rce8 31. Re6+ Rf6 32. Rge3 Rxe6 33. Rxe6+ Kf7 34. Rh6 b5 35. c5 dxc5 36. Rxa6 Rd8 37. a4 bxa4 38. bxa4 Rxd5 39. Rc6 Ke8 40. a5 Kd7 41. Rg6 c4 42. a6 c3 43. a7 Ra5 44. Rxg5 Rxa7 45. Rc5 Ra3 46. Ke2 Kd6 47. Rc8 Ra2+ 48. Kd3 Rxf2 49. Kxc3 Re2 50. Kd3 Re5 51. Rd8+ Ke6 52. Ra8 Re1 53. Kd2 Re5 54. Kd3 Kf7 55. Ra6 e6 56. Ra1 Ke7 57. Kd4 Kf6 58. Rf1+ Rf5 59. Ra1 Rf3 60. Ke4 Rb3 61. Rf1+ Ke7 62. Ra1 Rb4+ 63. Ke5 Rb5+ 64. Ke4 Rd5 65. Ra7+ Kf6 66. Ra1 Re5+ 67. Kd4 Re2 68. Kd3 Rf2 69. Ke3 Rf5 70. Ke4 Re5+ 71. Kd4 Re2 72. Kd3 Rh2 73. Ke3 Kf5 74. Ra8 Rh3+ 75. Kf2 e5 76. Ra4 e4 77. Ra8 Rh2+ 78. Ke3 Rh3+ 79. Ke2 Rh6 80. Rf8+ Rf6 81. Rxf6+ Kxf6 82. Ke3 Ke5 83. Ke2 Kd4 84. Kd2 Kc5 85. Ke3 Kd5 86. Ke2 Kd4 87. Kd2 e3+ 88. Ke2 Ke4 89. Ke1 Kf3 90. Kf1 Kg4 91. Ke2 Kf4 92. Ke1 Ke5 93. Ke2 Kd4 94. Ke1 Ke4 95. Ke2 Kf4 96. Ke1 Kf3 97. Kf1 e2+ 98. Ke1 Ke3 1/2-1/2


[Site "https://www.chess.com"]

[Event "Titled Tuesday Blitz May 24 Early 2022"]
[White "Steenbekkers, Franck"]
[Black "Vidonyak, Roman"]
[WhiteFideId "1004220"]
[BlackFideId "14100622"]
[WhiteElo "2022"]
[BlackElo "2357"]
[Result "0-1"]
[Round "03"]
[TimeControl "180+1"]
[Date "2022.05.25"]
[WhiteClock "0:00:13"]
[BlackClock "0:00:34"]

1. e4 c5 2. Nf3 d6 3. d4 cxd4 4. Nxd4 Nf6 5. Nc3 a6 6. Bg5 Nbd7 7. Bc4 Qb6 8. Bb3 e6 9. Qd2 Be7 10. O-O-O Qc7 11. h4 b5 12. f3 Nc5 13. Kb1 Bb7 14. g4 Rc8 15. Bxf6 Bxf6 16. Ndxb5 axb5 17. Nxb5 Qb6 18. Nxd6+ Ke7 19. g5 Be5 20. Nxc8+ Rxc8 21. f4 Bb8 22. f5 Nxe4 23. f6+ Kf8 24. fxg7+ Kxg7 25. Qe1 Nf2 26. Qf1 Nxh1 27. Rd7 Nf2 28. h5 Rd8 29. h6+ Kg8 30. Rxd8+ Qxd8 31. Qxf2 Qd1# 0-1


[Site "https://www.chess.com"]

[Event "Titled Tuesday Blitz May 24 Early 2022"]
[White "Stepanencu, Nicodim-Cosmin"]
[Black "Fier, Alexandr"]
[WhiteFideId "1256220"]
[BlackFideId "2107139"]
[WhiteElo "1945"]
[BlackElo "2571"]
[Result "1-0"]
[Round "03"]
[TimeControl "180+1"]
[Date "2022.05.25"]
[WhiteClock "0:00:03"]
[BlackClock "0:00:54"]

1. b3 e5 2. Bb2 Nc6 3. c4 g6 4. Nf3 Bg7 5. e3 d6 6. d4 exd4 7. Nxd4 Nf6 8. Be2 O-O 9. O-O Re8 10. Nd2 h5 11. h3 Bd7 12. Rc1 Qc8 13. Re1 Ne5 14. Bf1 a6 15. N4f3 Bc6 16. Nd4 Bd7 17. N4f3 Nc6 18. e4 Ne5 19. Nxe5 dxe5 20. Nf3 Nh7 21. Qd5 Bc6 22. Qc5 Qe6 23. Rcd1 g5 24. Qe3 Qg6 25. g3 Bf6 26. Bg2 Nf8 27. b4 b6 28. c5 b5 29. a3 a5 30. Nd2 axb4 31. axb4 Ne6 32. Nb3 Red8 33. Na5 Be8 34. Rd5 c6 35. Rd6 Rxd6 36. cxd6 Rd8 37. Nb7 Rd7 38. Qb6 Nd8 39. Nxd8 Rxd8 40. Rd1 Bd7 41. Bxe5 Re8 42. Bxf6 Qxf6 43. Qc7 Qe6 44. e5 Rc8 45. Qb7 h4 46. g4 Kf8 47. Be4 Rd8 48. Bf5 Qb3 49. Rd3 Qb1+ 50. Kg2 Bxf5 51. Qe7+ Kg7 52. Qf6+ Kh7 53. Qxf5+ Kg7 54. Qxg5+ Kh7 55. Qxh4+ Kg7 56. Qg5+ Kh7 57. Rf3 Rf8 58. e6 f5 59. e7 fxg4 60. Rxf8 gxh3+ 61. Kh2 Qe4 62. Rf7+ Kh8 63. Qg7# 1-0


[Site "https://www.chess.com"]

[Event "Titled Tuesday Blitz May 24 Early 2022"]
[White "Stromboli, Ettore"]
[Black "Johnson, Ben"]
[WhiteFideId "813761"]
[BlackFideId "2010917"]
[WhiteElo "2414"]
[BlackElo "2215"]
[Result "1-0"]
[Round "03"]
[TimeControl "180+1"]
[Date "2022.05.25"]
[WhiteClock "0:01:50"]
[BlackClock "0:00:07"]

1. e4 c5 2. Nf3 Nc6 3. c4 e5 4. Nc3 Nf6 5. d3 Be7 6. Be3 O-O 7. Be2 d6 8. O-O Bg4 9. a3 a5 10. Rb1 Bxf3 11. Bxf3 Nd4 12. Bxd4 cxd4 13. Nb5 Ne8 14. b3 Nc7 15. Nxc7 Qxc7 16. b4 b6 17. Qc2 axb4 18. axb4 Ra7 19. Rfc1 Rfa8 20. Rb2 Ra3 21. Rcb1 Rc3 22. Qd1 Raa3 23. Rb3 Rcxb3 24. Rxb3 Qa7 25. Rxa3 Qxa3 26. Qb1 Bg5 27. g3 h6 28. h4 Bd2 29. b5 Bc3 30. Kg2 Kf8 31. Qf1 Qb2 32. Qd1 Ke7 33. Qa4 Qa1 34. Qc2 Qb2 35. Qd1 Qa2 36. Be2 Bb4 37. f4 f6 38. Kh3 Bc3 39. Qf1 Qd2 40. Bg4 Qe3 41. fxe5 Be1 42. exd6+ Kxd6 43. Qf4+ Qxf4 44. gxf4 Kc5 45. e5 fxe5 46. fxe5 Ba5 47. Bf3 Bd2 48. Kg4 Be1 49. h5 Bf2 50. Kf5 Bh4 51. Ke6 Bg5 52. Kd7 Bh4 53. e6 Bf6 54. e7 Bxe7 55. Kxe7 1-0


[Site "https://www.chess.com"]

[Event "Titled Tuesday Blitz May 24 Early 2022"]
[White "Suleymanli, Suleyman"]
[Black "Kowalysko, Roman"]
[WhiteFideId "13416375"]
[BlackFideId "30918510"]
[WhiteElo "1598"]
[BlackElo "2163"]
[Result "1-0"]
[Round "03"]
[TimeControl "180+1"]
[Date "2022.05.25"]
[WhiteClock "0:02:01"]
[BlackClock "0:01:04"]

1. d4 Nf6 2. c4 e5 3. dxe5 Ng4 4. e4 h5 5. Nf3 Bc5 6. Nd4 Nc6 7. Be3 Nxe3 8. fxe3 Qh4+ 9. g3 Qxe4 10. Qf3 Qxe5 11. Nxc6 dxc6 12. Nc3 Bxe3 13. Be2 Bg4 14. Qe4 Qxe4 15. Nxe4 Bxe2 16. Kxe2 Bd4 17. Rad1 O-O-O 18. b3 Rhe8 19. Kf3 f5 20. Ng5 Bf6 21. Nh3 g5 22. Nf2 Rxd1 23. Nxd1 Rd8 24. Ne3 Rd3 25. Ke2 Rc3 26. Kd2 f4 27. Nd1 fxg3 28. Nxc3 Bxc3+ 29. Kxc3 Kd7 30. hxg3 h4 31. gxh4 gxh4 32. Rxh4 c5 33. Rh7+ Kc6 34. a3 b6 35. b4 cxb4+ 36. axb4 Kb7 37. b5 a5 38. bxa6+ Kxa6 39. Rxc7 b5 40. c5 b4+ 41. Kc4 b3 42. Rc6+ Kb7 43. Rb6+ Kc7 44. Rxb3 Kc6 45. Rb6+ Kc7 46. Kd5 Kd7 47. Rb7+ Kc8 48. c6 Kd8 49. Kd6 Ke8 50. Rb1 Kf8 51. Rb8+ Kf7 52. c7 Kf6 53. c8=Q Kg6 54. Qe6+ Kg5 55. Rg8+ Kf4 56. Rg4+ Kf3 57. Qe4+ Kf2 58. Rg2+ Kf1 59. Qe2# 1-0


[Site "https://www.chess.com"]

[Event "Titled Tuesday Blitz May 24 Early 2022"]
[White "Svane, Rasmus"]
[Black "Darini, Pouria"]
[WhiteFideId "4657101"]
[BlackFideId "12502200"]
[WhiteElo "2674"]
[BlackElo "2483"]
[Result "1/2-1/2"]
[Round "03"]
[TimeControl "180+1"]
[Date "2022.05.24"]
[WhiteClock "0:00:50"]
[BlackClock "0:00:29"]

1. Nf3 c5 2. c4 Nc6 3. Nc3 Nf6 4. e3 e6 5. d4 d5 6. cxd5 exd5 7. Bb5 cxd4 8. Nxd4 Bd7 9. O-O Bd6 10. b3 O-O 11. Nf3 a6 12. Be2 Be6 13. Bb2 Rc8 14. Rc1 Re8 15. Qd3 Ne5 16. Nxe5 Bxe5 17. Na4 Bxb2 18. Nxb2 Qa5 19. Na4 Bd7 20. Qd4 Bxa4 21. bxa4 h6 22. g3 Rc6 23. Rxc6 bxc6 24. Rc1 Re4 25. Qd3 c5 26. Qxa6 Qxa6 27. Bxa6 Rxa4 28. Bb5 Rxa2 29. Rxc5 1/2-1/2


[Site "https://www.chess.com"]

[Event "Titled Tuesday Blitz May 24 Early 2022"]
[White "Swiercz, Dariusz"]
[Black "Cardoso Cardoso, Jose Gabriel"]
[WhiteFideId "1126881"]
[BlackFideId "4430492"]
[WhiteElo "2627"]
[BlackElo "2485"]
[Result "1-0"]
[Round "03"]
[TimeControl "180+1"]
[Date "2022.05.24"]
[WhiteClock "0:00:18"]
[BlackClock "0:00:04"]

1. Nf3 Nf6 2. d4 g6 3. Bf4 d5 4. c3 Bg7 5. Nbd2 O-O 6. e3 c5 7. Be2 Nc6 8. O-O Nd7 9. Bg5 Qb6 10. Qb3 Qxb3 11. axb3 e5 12. dxe5 Ndxe5 13. Nxe5 Nxe5 14. Be7 b6 15. Bxf8 Kxf8 16. Rfd1 Be6 17. Nf3 Nc6 18. Bb5 Na5 19. Nd2 Ke7 20. b4 cxb4 21. cxb4 Nc4 22. Nxc4 dxc4 23. Bc6 Rc8 24. Rxa7+ Kf8 25. Bd7 Rd8 26. Ba4 Rc8 27. Rd2 Bf5 28. h3 c3 29. bxc3 Bxc3 30. Rd1 Bxb4 31. Bd7 Rd8 32. Ba4 Rxd1+ 33. Bxd1 Be6 34. Ra1 Bc5 35. Rb1 Ke7 36. Bb3 Bf5 37. Rd1 h5 38. Kf1 h4 39. Ke2 g5 40. f3 Bd7 41. Bc4 f6 42. e4 Bd6 43. Kd3 Be5 44. Rb1 Bc7 45. Bb5 Be6 46. Bc4 Bd7 47. Rb2 Kd6 48. Rc2 b5 49. Bd5 Bb6 50. Rc1 Bc5 51. Ra1 Ke5 52. Ra6 Bd6 53. Bc6 Be6 54. Bxb5 Bc8 55. Ra8 Bb7 56. Ra7 Bc8 57. Bd7 Bc5 58. Ra5 Bxd7 59. Rxc5+ Kf4 60. Ke2 Kg3 61. Kf1 Kf4 62. Kf2 Be6 63. Ra5 Bc4 64. e5 Kf5 65. exf6+ Kxf6 66. f4 gxf4 67. Ra4 Bd5 68. Rxf4+ Kg5 69. Rd4 Bc6 70. Rd6 Be4 71. Re6 Bb7 72. Re7 Bc6 73. Re5+ Kf4 74. Rh5 Bd7 75. Rxh4+ Kg5 76. Rb4 Be6 77. Kg3 Bd7 78. h4+ Kh5 79. Rd4 Be6 80. Re4 Bd7 81. Re5+ Kh6 82. Rg5 Be6 83. Kf4 Bd7 84. g3 Be6 85. Re5 Bd7 86. g4 Bc8 87. h5 Bd7 88. Rc5 Be8 89. Rd5 Bf7 90. Rd6+ Kh7 91. Kg5 Be8 92. Rb6 Bc6 93. h6 Bb7 94. Rxb7+ 1-0


[Site "https://www.chess.com"]

[Event "Titled Tuesday Blitz May 24 Early 2022"]
[White "Taboas Rodriguez, Daniel"]
[Black "Toncheva, Nadya"]
[WhiteFideId "2208466"]
[BlackFideId "2924056"]
[WhiteElo "2429"]
[BlackElo "1888"]
[Result "1-0"]
[Round "03"]
[TimeControl "180+1"]
[Date "2022.05.25"]
[WhiteClock "0:02:29"]
[BlackClock "0:01:26"]

1. d4 d6 2. Nf3 d5 3. c4 dxc4 4. e3 Nf6 5. Bxc4 e6 6. O-O c5 7. b3 Nc6 8. Bb2 a6 9. Qe2 Be7 10. Rd1 b5 11. dxc5 Qc7 12. Bd3 Bxc5 13. Nc3 O-O 14. Rac1 Be7 15. Ne4 Nxe4 16. Bxe4 Bb7 17. Ne5 Bf6 18. Nxc6 Bxc6 19. Rxc6 Qe7 20. Bxf6 Qxf6 21. Qf3 Qb2 22. Rc2 1-0


[Site "https://www.chess.com"]

[Event "Titled Tuesday Blitz May 24 Early 2022"]
[White "Taichman, Ori"]
[Black "Xu, Yi"]
[WhiteFideId "2804069"]
[BlackFideId "8605564"]
[WhiteElo "2227"]
[BlackElo "2471"]
[Result "0-1"]
[Round "03"]
[TimeControl "180+1"]
[Date "2022.05.24"]
[WhiteClock "0:00:05"]
[BlackClock "0:00:18"]

1. e4 c6 2. d3 d5 3. Nf3 g6 4. e5 Bg7 5. g3 Bg4 6. d4 c5 7. h3 Bxf3 8. Qxf3 cxd4 9. Qb3 Qd7 10. Bf4 Nc6 11. c4 Na5 12. Qb4 Nxc4 13. Nd2 a5 14. Qc5 b6 15. Qxd4 Nxd2 16. Qxd2 e6 17. a4 Bf8 18. Kd1 Bb4 19. Qd4 Bc5 20. Qc3 Kf8 21. Bb5 Qb7 22. Qf3 h6 23. h4 Ne7 24. g4 Nc6 25. h5 Nd4 26. Qg3 g5 27. Be3 Nxb5 28. Bxc5+ bxc5 29. axb5 Qxb5 30. Kc2 Qc4+ 31. Qc3 Qxc3+ 32. bxc3 Kg7 33. Rhb1 Ra7 34. Rb5 Rc8 35. Raxa5 Rxa5 36. Rxa5 Rc7 37. Kd3 f6 38. exf6+ Kxf6 39. Ra6 Ke5 40. Ke3 c4 41. f3 Rb7 42. Rc6 Rb3 43. Kd2 Rb2+ 44. Kc1 Rf2 45. Rc8 Rxf3 46. Rh8 Rf6 47. Kd2 Kf4 0-1


[Site "https://www.chess.com"]

[Event "Titled Tuesday Blitz May 24 Early 2022"]
[White "Tanenbaum, Zachary"]
[Black "Kejzar, Petra"]
[WhiteFideId "2060850"]
[BlackFideId "14610213"]
[WhiteElo "2168"]
[BlackElo "2004"]
[Result "1-0"]
[Round "03"]
[TimeControl "180+1"]
[Date "2022.05.25"]
[WhiteClock "0:02:44"]
[BlackClock "0:02:07"]

1. e4 c5 2. Nf3 d6 3. d4 cxd4 4. Nxd4 Nf6 5. Nc3 a6 6. Be3 e6 7. f3 Be7 8. Qd2 O-O 9. g4 Nc6 10. O-O-O Qc7 11. g5 Nd7 12. h4 b5 13. h5 b4 14. Nce2 a5 15. Nxc6 Qxc6 16. Nd4 Qa4 17. Kb1 Ba6 18. Bxa6 Rxa6 19. b3 Qa3 20. Nb5 Ne5 21. Nxa3 bxa3 22. f4 Nc6 23. g6 Rc8 24. gxf7+ Kf8 25. h6 Bf6 26. Qxd6+ 1-0


[Site "https://www.chess.com"]

[Event "Titled Tuesday Blitz May 24 Early 2022"]
[White "Tari, Aryan"]
[Black "Rostovtsev, Dmitry"]
[WhiteFideId "1510045"]
[BlackFideId "34278320"]
[WhiteElo "2567"]
[BlackElo "2274"]
[Result "1-0"]
[Round "03"]
[TimeControl "180+1"]
[Date "2022.05.24"]
[WhiteClock "0:00:57"]
[BlackClock "0:00:20"]

1. e4 e5 2. Nf3 Nc6 3. d4 exd4 4. Nxd4 Nf6 5. Nxc6 bxc6 6. e5 Qe7 7. Qe2 Nd5 8. h4 Qe6 9. Nd2 a5 10. c4 Nb6 11. Nf3 Bb4+ 12. Bd2 Ba6 13. b3 Bxd2+ 14. Qxd2 d5 15. cxd5 cxd5 16. Bxa6 Rxa6 17. Qe2 Ra8 18. Nd4 Qe7 19. Nf5 Qb4+ 20. Kf1 O-O 21. Rc1 c5 22. h5 h6 23. Rh4 Qa3 24. Rc3 Kh8 25. Rg4 Rg8 26. Qd2 a4 27. Nxh6 axb3 28. Nxf7+ Kh7 29. Qd3+ g6 30. Rxg6 Qxa2 31. Rg5+ 1-0


[Site "https://www.chess.com"]